 Dungeon Crawl Stone Soup version 0.31.0-9-g3a7656b989 (webtiles) character file.

Game seed: 15586917083324878086

56 qw the Shooter (level 3, -2/20 HPs)
             Began as a Deep Elf Hunter on Feb 2, 2024.
             Succumbed to Sigmund's poison
             ... on level 2 of the Dungeon.
             The game lasted 00:00:03 (1324 turns).

qw the Shooter (Deep Elf Hunter)                    Turns: 1324, Time: 00:00:04

Health: -2/20      AC: 10    Str: 10    XL:     3   Next: 69%
Magic:  5/5        EV: 11    Int: 13    God:
Gold:   97         SH:  0    Dex: 18    Spells: 2/2 levels left

rFire   . . .        a - +0 shortbow
rCold   . . .        (shield currently unavailable)
rNeg    . . .        d - +0 ring mail
rPois   .            (no helmet)
rElec   .            (no cloak)
rCorr   .            h - +2 pair of gloves
SInv    .            f - +1 pair of boots
Will    .....        (no amulet)
Stlth   +            (no ring)
HPRegen 0.23/turn    (no ring)
MPRegen 0.09/turn

%: no passive effects
@: lethally poisoned (-2 -> -20)
A: no striking features
a: no special abilities


You were on level 2 of the Dungeon.
You visited 1 branch of the dungeon, and saw 2 of its levels.

You collected 97 gold pieces.


   Skills:
 - Level 1.5 Fighting
 + Level 7.2 Ranged Weapons
 - Level 2.4 Dodging
 - Level 1.2 Stealth


You had 2 spell levels left.
You didn't know any spells.
Your spell library was empty.

Inventory:

Hand Weapons
 a - a +0 shortbow (weapon)
Armour
 d - a +0 ring mail (worn)
 f - a +1 pair of boots (worn)
 h - a +2 pair of gloves (worn)
Scrolls
 b - a scroll of brand weapon {unknown}
 e - 2 scrolls of identify
 g - a scroll of blinking {unknown}
Potions
 c - a potion of mutation {unknown}
 i - a potion of curing {unknown}
 k - 2 potions of enlightenment

Dungeon Overview and Level Annotations

Branches:
Dungeon (2/15)

Altars:

Annotations:
D:2 Sigmund


Message History

You shoot an arrow. The arrow completely misses the rat.
You shoot an arrow. The arrow hits the rat.
You kill the rat!
Sigmund the Dreaded comes into view.
He is wielding a +0 scythe of venom.
Sigmund shouts!
You shoot an arrow. The arrow hits Sigmund!
Sigmund is moderately wounded.
Sigmund points at you and mumbles some strange words.
The puff of flame hits you but does no damage.
You shoot an arrow.
The arrow hits Sigmund but does no damage.
Sigmund is moderately wounded.
You shoot an arrow. The arrow closely misses Sigmund.
Sigmund closely misses you.
You shoot an arrow. The arrow barely misses Sigmund.
Sigmund screams, "Die, monster!"
Sigmund barely misses you.
You shoot an arrow. The arrow closely misses Sigmund.
You shoot an arrow. The arrow hits Sigmund.
Sigmund is heavily wounded.
Sigmund hits you but does no damage.
You are poisoned.
You shoot an arrow.
The arrow hits Sigmund but does no damage.
Sigmund is moderately wounded.
You feel sick.
Sigmund hits you from afar with a +0 scythe of venom.
You are lethally poisoned!
You shoot an arrow. The arrow closely misses Sigmund.
You feel very sick. Sigmund hits you but does no damage.
You are more poisoned.
You shoot an arrow. The arrow barely misses Sigmund.
You feel extremely sick.
Sigmund points at you and mumbles some strange words.
The puff of flame hits you but does no damage.
You shoot an arrow.
The arrow hits Sigmund but does no damage.
Sigmund is moderately wounded.
You die...

#.# #..
#.# ##.
#.# #.
#.# #.
#.# #.
#.# #.
#.# #.
#.####.##
##
#@.@%)...
######.##


You could see Sigmund.

Vanquished Creatures
  2 adders (D:2)
  A ribbon worm (D:2)
  A dart slug (D:1)
  4 ball pythons (D:1)
  A bat (D:1)
  An endoplasm (D:2)
  A giant cockroach (D:1)
  4 goblins
  2 hobgoblins
  2 jackals (D:1)
  2 kobolds (D:1)
  A quokka (D:1)
  A frilled lizard (D:1)
  12 rats
35 creatures vanquished.

Notes
Turn   | Place    | Note
-------+----------+-------------------------------------------
     0 | D:1      | qw the Deep Elf Hunter began the quest for the Orb.
     0 | D:1      | Reached XP level 1. HP: 12/12 MP: 3/3
     0 | D:1      | 0 ||| qw: Version: 0.3-a-155-g5e7d8dd
     0 | D:1      | 0 ||| qw: Game counter: 1529
     0 | D:1      | 0 ||| qw: Melee chars always use a shield: true
     0 | D:1      | 0 ||| qw: God list: Okawaru
     0 | D:1      | 0 ||| qw: Allow faded altars: false
     0 | D:1      | 0 ||| qw: Do Orc after clearing Dungeon:15 true
     0 | D:1      | 0 ||| qw: Do second Lair branch before Depths: true
     0 | D:1      | 0 ||| qw: Lair rune preference: random
     0 | D:1      | 0 ||| qw: Goals: Normal
     0 | D:1      | 0 ||| PLANNING D:1-11
   157 | D:1      | Reached skill level 6 in Ranged Weapons
   157 | D:1      | Reached XP level 2. HP: 16/16 MP: 4/4
   572 | D:1      | Reached XP level 3. HP: 20/20 MP: 5/5
   663 | D:1      | 663 ||| UPGRADING to +0 ring mail.
   673 | D:1      | 673 ||| DROPPING +0 leather armour.
   674 | D:1      | 674 ||| UPGRADING to +0 pair of boots.
   679 | D:1      | 679 ||| UPGRADING to +0 pair of gloves.
   684 | D:1      | 684 ||| READING scroll labelled GEUPIU CAL KAS.
   684 | D:1      | 684 ||| ENCHANTING +0 pair of gloves.
   685 | D:1      | 685 ||| READING scroll labelled LAXOAP UVOISA.
   686 | D:1      | 686 ||| READING scroll labelled YTEJERITAI.
   689 | D:1      | 689 ||| READING scroll labelled CUNOIH GAGAEV.
   689 | D:1      | 689 ||| IDENTIFYING viscous white potion
   690 | D:1      | 690 ||| READING scroll labelled WUIFES KUYSO.
   691 | D:1      | 691 ||| READING scroll labelled PEUHIU FANWIPU.
   792 | D:1      | 792 ||| DROPPING scroll of butterflies.
   847 | D:2      | Reached skill level 7 in Ranged Weapons
   923 | D:2      | Found a faded altar of an unknown god.
  1004 | D:2      | 1004 ||| READING 2 scrolls of enchant armour.
  1004 | D:2      | 1004 ||| ENCHANTING +1 pair of gloves.
  1005 | D:2      | 1005 ||| READING scroll of enchant armour.
  1005 | D:2      | 1005 ||| ENCHANTING +0 pair of boots.
  1314 | D:2      | Noticed Sigmund
  1323 | D:2      | HP: 3/20 [poisoned by Sigmund]
  1324 | D:2      | Succumbed to Sigmund's poison

Levels and vault maps discovered:
D:1:      dpeg_arrival_long_road, layout_basic, minmay_rat_gold_closets
D:2:      layout_basic, chequers_ecumenical_altar_grove, feat_on_display,
          uniq_sigmund

Skill      XL: |  1  2  3 |
---------------+----------+-----
Ranged Weapons | 6 7 |  7.2
Fighting       | |  1.5
Dodging        | |  2.4
Stealth        | |  1.2

Action                     || total
---------------------------++-------
   Fire: Shortbow          ||   103
    Use: Scroll            ||     8
 Armour: Leather armour    ||    12
         Ring mail         ||    14
  Dodge: Dodged            ||    21

Table legend:
 A = Non-vault XP
 B = Vault XP
 C = Vault XP percentage of total XP
 D = Non-vault monster count
 E = Vault monster count
 F = Vault count percentage of total count
                 A         B        C        D         E       F
            +---------+---------+-------+---------+---------+-------
      Total |      72 |       8 |  10.0 |      27 |       8 |  22.9
            +---------+---------+-------+---------+---------+-------
        D:1 |      35 |       8 |  18.6 |      20 |       8 |  28.6
        D:2 |      37 |       0 |   0.0 |       7 |       0 |   0.0
            +---------+---------+-------+---------+---------+-------
